 Dungeon Crawl Stone Soup version 0.31.0-11-ge490571c62 (webtiles) character file.

Game seed: 9326778318661470363

38 Gadfly the Trooper (level 3, -3/29 HPs)
             Began as a Demonspawn Monk on Feb 1, 2024.
             Killed from afar by Ijyb (14 damage)
             ... with a bolt of light
             ... on level 3 of the Dungeon.
             The game lasted 00:01:53 (1499 turns).

Gadfly the Trooper (Demonspawn Monk)                Turns: 1499, Time: 00:01:53

Health: -3/29      AC:  5    Str: 13    XL:     3   Next: 25%
Magic:  4/4        EV: 13    Int: 10    God:
Gold:   141        SH:  0    Dex: 15    Spells: 2/2 levels left

rFire   . .          .
                       - Unarmed
rCold   + . .        c - orb {light}
rNeg    . . .        a - +0 robe
rPois   .            (no helmet)
rElec   .            (no cloak)
rCorr   .            (no gloves)
SInv    .            (no boots)
Will    .....        (no amulet)
Stlth   +            d - ring of protection from cold
HPRegen 0.24/turn    (no ring)
MPRegen 0.09/turn

%: no passive effects
@: confused, ambrosia-drunk, glowing
A: slimy green scales 2
a: no special abilities


You were on level 3 of the Dungeon.
You visited 1 branch of the dungeon, and saw 3 of its levels.

You collected 141 gold pieces.

Inventory:

Hand Weapons
 b - a +0 spear of flaming
Armour
 a - a +0 robe (worn)
 c - an orb of light (worn)
Jewellery
 d - a ring of protection from cold (left hand)
Talismans
 i - a blade talisman
Scrolls
 e - a scroll of blinking
Potions
 f - a potion of enlightenment
 h - a potion of curing
 j - a potion of haste {unknown}


   Skills:
 - Level 3.0 Fighting
 + Level 2.8 Dodging
 * Level 3.0 Unarmed Combat
 * Level 1.5 Invocations
 * Level 1.3 Evocations
 * Level 0.9 Shapeshifting


You had 2 spell levels left.
You didn't know any spells.
Your spell library contained the following spells:

 Spells                   Type           Power      Damage    Failure   Level
 Stone Arrow              Conj/Erth      0%         3d7       75%         3
 Animate Armour           Summ/Erth      0%         N/A       98%         4
 Lehudib's Crystal Spear  Conj/Erth      0%         10d2      100%        8


Dungeon Overview and Level Annotations

Branches:
Dungeon (3/15)

Altars:

Annotations:
D:3 Ijyb


Innate Abilities, Weirdness & Mutations

You are mostly covered in slimy green scales. (AC +3)


Message History

The bat barely misses you.
You hit the bat.
You kill the bat!
A kobold comes into view. It is wielding a +0 club.
The kobold shouts!
You hit Ijyb but do no damage. Ijyb hits you with a +0 dagger.
You hit Ijyb.
Ijyb is lightly wounded.
Ijyb zaps a wand.
The bolt of light hits you!
You barely miss Ijyb.
Ijyb is lightly wounded.
Ijyb hits you with a +0 dagger.
You hit Ijyb but do no damage.
Ijyb is lightly wounded.
Ijyb zaps a wand.
The bolt of light hits you!
* * * LOW HITPOINT WARNING * * *
You are too injured to fight recklessly!
You are too injured to fight recklessly!
You are too injured to fight recklessly!
You are too injured to fight recklessly!
You are too injured to fight recklessly!
You are too injured to fight recklessly!
You are too injured to fight recklessly!
You are too injured to fight recklessly!
You are too injured to fight recklessly!
You are too injured to fight recklessly!
You are too injured to fight recklessly!
You are too injured to fight recklessly!
You are too injured to fight recklessly!
You are too injured to fight recklessly!
You are too injured to fight recklessly!
You are too injured to fight recklessly!
You are too injured to fight recklessly!
You are too injured to fight recklessly!
Unknown command.
You are confused.
You feel invigorated.
Ijyb zaps a wand.
The bolt of light misses you.
You bump into the rock wall.
Ijyb zaps a wand.
The bolt of light hits you!
You are more confused.
You die...

...# ...
... #..
#.# #K#
# #g#
#.#@#
###.#.#
#.....#
#.###.#
#.#
##+###.#
#....#.#
#......#
#....###


You could see Ijyb and a kobold.

Vanquished Creatures
  A dart slug (D:2)
  A ribbon worm (D:2)
  4 endoplasms
  A giant cockroach (D:1)
  4 goblins
  5 hobgoblins
  3 ball pythons
  4 bats
  4 frilled lizards
  2 kobolds
  3 rats
32 creatures vanquished.

Notes
Turn   | Place    | Note
-------+----------+-------------------------------------------
     0 | D:1      | Gadfly the Demonspawn Monk began the quest for the Orb.
     0 | D:1      | Reached XP level 1. HP: 18/18 MP: 1/1
   291 | D:1      | Gained mutation: You are partially covered in slimy green
                  | scales. (AC +2) [demonic ancestry]
   291 | D:1      | Reached XP level 2. HP: 22/24 MP: 2/2
   376 | D:1      | Reached skill level 1 in Invocations
   678 | D:1      | Reached skill level 1 in Evocations
  1099 | D:2      | Gained mutation: You are mostly covered in slimy green
                  | scales. (AC +3) [demonic ancestry]
  1099 | D:2      | Reached XP level 3. HP: 27/29 MP: 4/4
  1113 | D:2      | Identified the +1 ring mail "Teimoseff" {*Slow Dex+5}
  1490 | D:3      | Noticed Ijyb
  1499 | D:3      | Killed from afar by Ijyb

Illustrated notes

Levels and vault maps discovered:
D:1:      mrwooster_arrival_statue, layout_loops_ring, minmay_misc_feat_tiny
D:2:      layout_loops_ring, nicolae_the_louvre
D:3:      layout_basic, lemuel_tele_altar, st_stairs_11, uniq_robin, uniq_ijyb,
          uniq_jessica

Skill      XL: |  1  2 |
---------------+-------+-----
Invocations    | 1 |  1.5
Evocations     | 1 |  1.3
Unarmed Combat | 3 |  3.0
Fighting       | |  3.0
Dodging        | |  2.8
Shapeshifting  | |  0.9

Action                     || total
---------------------------++-------
  Melee: Unarmed           ||    95
    Use: Scroll            ||     5
         Potion            ||     2
 Armour: Robe              ||    41
  Dodge: Dodged            ||    54
